 Dungeon Crawl Stone Soup version 0.26-a0-658-gbdda728c12 (webtiles) character file.

Game seed: 16852596688548652706

3398 TigOlBitties the Thaumaturge (level 9, -4/45 HPs)
             Began as a Deep Elf Air Elementalist on Oct 4, 2020.
             Was an Initiate of Vehumet.
             Slain by Harold
             ... wielding a +2 mace of protection
              (6 damage)
             ... while paralysed by Harold
             ... on level 7 of the Dungeon on Oct 5, 2020.
             The game lasted 00:27:32 (11869 turns).

TigOlBitties the Thaumaturge (DEAE)                Turns: 11869, Time: 00:27:33

Health: -4/45      AC:  2    Str:  5    XL:     9   Next: 75%
Magic:  4/25       EV:  2    Int: 24    God:    Vehumet [......]
Gold:   437        SH:  0    Dex: 15    Spells: 17/29 levels left

rFire    . . .     SeeInvis +   (no weapon)
rCold    + . .     Faith    .   (no shield)
rNeg     . . .     Spirit   .   a - +0 robe
rPois    .         Reflect  +   (no helmet)
rElec    .         Harm     .   (no cloak)
rCorr    .         Rampage  .   (no gloves)
MR       .....                  (no boots)
Stlth    ++........             y - amulet of reflection
HPRegen  0.15/turn              j - ring of see invisible
MPRegen  0.19/turn              o - ring of protection from cold

@: paralysed, sluggish, marked, very slow
A: no striking features
a: Renounce Religion


You were on level 7 of the Dungeon.
You worshipped Vehumet.
Vehumet was noncommittal.
You visited 2 branches of the dungeon, and saw 9 of its levels.
You also visited: Bailey.

You collected 437 gold pieces.

Inventory:

Armour
 a - a +0 robe (worn)
 h - a +2 buckler
 r - a +2 buckler
Jewellery
 j - a ring of see invisible (left hand)
 o - a ring of protection from cold (right hand)
 x - an uncursed ring of fire
 y - an amulet of reflection (around neck)
Wands
 w - a wand of polymorph (26)
Scrolls
 c - 4 scrolls of remove curse
 e - 3 scrolls of enchant armour
 i - 2 scrolls of teleportation {unknown}
 k - 2 scrolls of enchant weapon {unknown}
 l - 3 scrolls of amnesia {unknown}
 n - a scroll of random uselessness {unknown}
 p - a scroll of blinking {unknown}
 t - a scroll of silence {unknown}
 v - a scroll of noise {unknown}
Potions
 b - 2 potions of might
 d - a potion of ambrosia {unknown}
 f - 3 potions of heal wounds
 g - a potion of mutation
 m - a potion of haste {unknown}
 q - a potion of brilliance
 s - a potion of cancellation {unknown}
 u - 3 potions of curing
 z - a potion of stabbing {unknown}


   Skills:
 - Level 2.4 Dodging
 - Level 2.4 Stealth
 + Level 10.8 Spellcasting
 + Level 8.8 Conjurations
 + Level 8.6 Air Magic


You had 17 spell levels left.
You knew the following spells:

 Your Spells              Type           Power        Failure   Level
a - Shock                 Conj/Air       ####         1%          1
b - Swiftness             Air            ######..     1%          2
c - Airstrike             Air            ######....   1%          4
d - Lightning Bolt        Conj/Air       ######....   3%          5

Your spell library contained the following spells:

 Spells                   Type           Power        Failure   Level
 Foxfire                  Conj/Fire      ####         1%          1
 Mephitic Cloud           Conj/Pois/Air  #####...     1%          3
 Static Discharge         Conj/Air       ######..     1%          3
 Conjure Flame            Conj/Fire      ####....     2%          3
 Stone Arrow              Conj/Erth      ####..       2%          3
 Freeze                   Ice            ##..         4%          1
 Sting                    Tmut/Pois      ##..         4%          1
 Passwall                 Tmut/Erth      ##......     8%          2
 Hailstorm                Conj/Ice       ####....     8%          4
 Sticky Flame             Conj/Fire      ####....     8%          4
 Frozen Ramparts          Ice            ##....       14%         3
 Inner Flame              Hex/Fire       ##......     14%         3
 Ozocubu's Armour         Ice            ##......     14%         3
 Fireball                 Conj/Fire      ####......   22%         5
 Summon Ice Beast         Ice/Summ       ##......     43%         4
 Iron Shot                Conj/Erth      ####......   77%         6
 Borgnjor's Vile Clutch   Necr/Erth      ##........   80%         5


Dungeon Overview and Level Annotations

Branches:
Dungeon (8/15)             Temple (1/1) D:5          Bailey (visited)
   Lair: D:8-11

Altars:
Ashenzari
Cheibriados
Elyvilon
Fedhas
Gozag
Hepliaklqana
Qazlal
Ru
Sif Muna
Uskayaw
Vehumet
Wu Jian
Xom
Yredelemnul
Zin
The Shining One

Shops:
D:6 }

Annotations:
D:7 Harold


Message History

Casting: Swiftness (safe; 1% risk of failure)
Confirm with . or Enter, or press ? or * to list all spells.
You don't have enough magic to cast that spell.
You see here a hunting sling.
Harold fires a harpoon shot at you. The harpoon shot misses you.
There is an open door here.
Harold zaps a wand.
You easily resist.
Casting: Swiftness (safe; 1% risk of failure)
Confirm with . or Enter, or press ? or * to list all spells.
You don't have enough magic to cast that spell.
You feel sluggish. Harold fires a harpoon shot at you.
The harpoon shot hits you!
* * * LOW HITPOINT WARNING * * *
You are yanked forward by the harpoon shot.
Harold closely misses you.
Harold zaps a wand.
You suddenly lose the ability to move!
Harold hits you with a +2 mace of protection.
You die...

# #.......#.# #. #.......#.#####
##### #.. #.....# ...... +....
#...####[####..... .. ....
#....[....[...##+# # #.@ #...
#..###..###<.##..###.###...##...
#......[[.......................
#.....[.......................(.
#..##.#########@#########..##...
#. ######...##.@#########+#####
# #......'....)........##...
#......#.....>............
#......#..................
##.##..########.###..#####
###.##..##...###.###..##...
#............#....#........
#............#....#....รท...


You could see Harold.

Vanquished Creatures
  An orc knight (Bailey)
  Grinder (D:6)
  8 orc warriors (Bailey)
  An ice beast (D:7)
  3 ogres
  2 centaurs
  Blork the orc (D:5)
  5 bullfrogs
  3 scorpions
  6 wights
  A howler monkey (D:6)
  A jelly (D:5)
  A hound (D:5)
  3 bullfrog skeletons
  A centaur skeleton (D:5)
  5 orc wizards
  An iguana (D:5)
  4 worker ants
  2 hound skeletons
  3 gnolls (D:6)
  9 adders
  2 shadow imps (D:5)
  2 adder skeletons
  3 dart slugs
  3 leopard geckos
  30 orcs
  5 bats
  3 giant cockroaches
  4 hobgoblins (D:2)
  7 jackals
  3 kobolds
  5 quokkas
  A ball python (D:4)
  5 goblins
  A leopard gecko zombie (D:5)
  5 rats
141 creatures vanquished.

Notes
Turn   | Place    | Note
-------+----------+-------------------------------------------
     0 | D:1      | TigOlBitties the Deep Elf Air Elementalist began the quest
                  | for the Orb.
     0 | D:1      | Reached XP level 1. HP: 10/10 MP: 6/6
   303 | D:1      | Reached XP level 2. HP: 15/15 MP: 4/8
   799 | D:2      | Reached XP level 3. HP: 15/19 MP: 3/10
  1475 | D:2      | Reached skill level 4 in Spellcasting
  2035 | D:2      | Reached XP level 4. HP: 24/24 MP: 10/12
  2860 | D:4      | Found a glowing golden altar of the Shining One.
  3161 | D:4      | Reached XP level 5. HP: 26/28 MP: 8/14
  3238 | D:4      | Found a basalt altar of Yredelemnul.
  3238 | D:4      | Noticed an ogre
  3246 | D:4      | Killed an ogre
  3246 | D:4      | Reached skill level 5 in Spellcasting
  3374 | D:4      | Learned a level 2 spell: Swiftness
  3379 | D:4      | Learned a level 4 spell: Airstrike
  3448 | D:4      | Reached XP level 6. HP: 28/32 MP: 6/16
  3810 | D:4      | Found a snail-covered altar of Cheibriados.
  4388 | D:4      | Reached skill level 6 in Spellcasting
  4388 | D:4      | Reached skill level 5 in Air Magic
  4706 | D:5      | Entered Level 5 of the Dungeon
  4863 | D:5      | Reached XP level 7. HP: 36/36 MP: 9/18
  5009 | D:5      | Reached skill level 5 in Conjurations
  5225 | D:5      | Found a staircase to the Ecumenical Temple.
  5284 | Temple   | Entered the Ecumenical Temple
  5499 | D:5      | Reached skill level 7 in Spellcasting
  5713 | D:5      | Noticed Blork the orc
  5716 | D:5      | Killed Blork the orc
  6558 | D:5      | Learned a level 5 spell: Lightning Bolt
  6575 | D:5      | Found a glowing golden altar of the Shining One.
  6762 | D:6      | Reached XP level 8. HP: 41/41 MP: 8/21
  7515 | D:6      | Reached skill level 8 in Spellcasting
  8316 | D:6      | Noticed Grinder
  8320 | D:6      | Killed Grinder
  8320 | D:6      | Reached skill level 9 in Spellcasting
  8674 | D:6      | Found Caismos's Gadget Shoppe.
  8965 | D:7      | Reached XP level 9. HP: 45/45 MP: 15/24
  9139 | D:7      | Found a hazy altar of Hepliaklqana.
  9238 | D:7      | Found a radiant altar of Vehumet.
  9247 | D:7      | Became a worshipper of Vehumet
  9288 | D:7      | Found a white marble altar of Elyvilon.
  9330 | D:7      | Found a flagged portal.
  9356 | Bailey   | Entered a bailey
 10636 | Bailey   | Reached skill level 10 in Spellcasting
 11017 | Bailey   | Found a roughly hewn altar of Beogh.
 11017 | Bailey   | Noticed an orc knight
 11298 | Bailey   | Killed an orc knight
 11559 | Bailey   | Identified Neamink's Papyrus of Toxins and the Mountains
 11810 | D:7      | Noticed Harold
 11832 | D:7      | Paralysed by Harold for 3 turns
 11840 | D:7      | Paralysed by Harold for 6 turns
 11866 | D:7      | HP: 2/45 [Harold/harpoon shot (8)]
 11868 | D:7      | Paralysed by Harold for 3 turns
 11869 | D:7      | Slain by Harold

Illustrated notes

Levels and vault maps discovered:
D:1:      dpeg_arrival_connections, layout_rooms, minmay_pentomino_t2
D:2:      layout_rooms
D:3:      layout_loops_cross
D:4:      layout_loops_cross, kennysheep_slug_shrine, overflow_temple_1_default,
          yredelemnul_altar_generic
D:5:      minmay_inner_zag, layout_rooms, minmay_temple_entry_waves,
          nicolae_tso_carved_into_rock, uniq_blork_the_orc
D:6:      hangedman_cross_stitches, layout_loops_cross, serial_shops,
          kennysheep_little_box, uniq_grinder
D:7:      layout_gridville, kiku_gazebo_pond_becter,
          grunt_temple_overflow_cloverleaf, makhleb_altar_promises_db,
          old_standard_altar, lemuel_crystal_altar, gammafunk_ghost_mausoleum,
          enter_bailey_2, kennysheep_crisscross, uniq_harold
D:8:      layout_loops_corners, serial_ice, serial_ice_h, serial_ice_e,
          serial_ice_n, serial_ice_g, serial_shops, kennysheep_mini_moat, shop,
          shop
Temple:   jpeg_temple_clearing

Skill      XL: |  1  2  3  4  5  6  7  8  9 |
---------------+----------------------------+-----
Conjurations   | 2 3 4 5 7 8 |  8.8
Spellcasting   | 4 5 6 7 9 10 | 10.8
Air Magic      | 4 5 6 7 8 |  8.6
Dodging        | |  2.4
Stealth        | |  2.4

Action                   |  1- 3 |  4- 6 |  7- 9 || total
-------------------------+-------+-------+-------++-------
 Cast: Shock             |    68 |    46 |     7 ||   121
       Airstrike         |       |    25 |   143 ||   168
       Swiftness         |       |       |     2 ||     2
  Use: Scroll            |     3 |     4 |     4 ||    11
       Potion            |       |     2 |       ||     2
Armor: Robe              |     4 |     2 |     1 ||     7
Dodge: Dodged            |    14 |    16 |    26 ||    56
Block: Other             |       |       |     1 ||     1
       Reflection        |       |       |     1 ||     1

Table legend: (Time is in decaauts)
 A = Elapsed time spent in this place.
 B = Non-inter-level travel time spent in this place.
 C = Inter-level travel time spent in this place.
 D = Time resting spent in this place.
 E = Time spent auto-exploring this place.
 F = Levels seen in this place.
 G = Mean time per level.
                   A        B        C        D        E       F      G
               +--------+--------+--------+--------+--------+-----+--------+
         Total |  11874 |  11702 |    172 |   6571 |   3090 |  10 | 1187.4 |
       Dungeon |   9272 |   9100 |    172 |   5030 |   2706 |   8 | 1159.0 |
        Temple |    188 |    188 |      0 |      0 |    170 |   1 |  188.0 |
        Bailey |   2413 |   2413 |      0 |   1541 |    214 |   1 | 2413.0 |
               +--------+--------+--------+--------+--------+-----+--------+

Top non-repeatable levels by time:
  Bailey: 2413 daAuts
     D:5: 2310 daAuts
     D:4: 2006 daAuts
     D:6: 1746 daAuts
     D:2: 1382 daAuts
     D:1: 918 daAuts
     D:3: 522 daAuts
     D:7: 382 daAuts
  Temple: 188 daAuts
     D:8: 1 daAuts
